General information
- name: BNet
- type: Ladder team game (AT/RT)
- host: Battle.net
- saver: OnlyEuropaKnows
map: Deathknell
- players: 8
- length: 19:57
- speed: Fast
- version: 1.26 W3XP
- replay type: Public
» download(150 KB)
Players
team 1 (winner)
cruedo (
orange | 75 APM | 1488 actions | 19:56)
3 Far Seer
2 Feral Spirit
1 Chain Lighting
1 Shadow Hunter
1 Healing Wave
1 Tauren Chieftain
1 Endurance Aura
» actions
| Assign group hotkey | 41 | |
| Basic commands | 3 | |
| Build / train | 99 | |
| Enter build submenu | 31 | |
| Enter hero's abilities submenu | 5 | |
| Give item / drop item | 3 | |
| Remove unit from queue | 12 | |
| Right click | 476 | |
| Select / deselect | 298 | |
| Select group hotkey | 435 | |
| Use ability | 85 | |
1488 total
» units
| Peon | 14 | |
| Troll Headhunter/Berserker | 20 | |
| Gnoll Overseer | 1 | |
| Kodo Beast | 1 | |
| Shaman | 9 | |
| Troll Batrider | 15 | |
60 total
» upgrades
| Ranged Weapons | 2 | |
| Armor | 3 | |
| Troll Regeneration | 1 | |
| Spiked Barricades | 1 | |
| Berserker Upgrade | 1 | |
| Envenomed Spears | 1 | |
| Shaman Training | 2 | |
| War Drums Damage Increase | 1 | |
12 total
» buildings
| Orc Burrow | 9 | |
| Altar of Storms | 1 | |
| War Mill | 2 | |
| Barracks | 1 | |
| Voodoo Lounge | 1 | |
| Stronghold | 1 | |
| Great Hall | 3 | |
| Watch Tower | 8 | |
| Fortress | 1 | |
| Beastiary | 3 | |
| Spirit Lodge | 2 | |
32 total
» build order
00:20 Orc Burrow
00:35 Altar of Storms
00:55 Orc Burrow
01:27 War Mill
01:42 Barracks
02:07 Voodoo Lounge
03:00 Orc Burrow
05:57 Stronghold
07:06 Great Hall
08:09 Great Hall
08:27 Great Hall
08:31 Watch Tower
08:33 Watch Tower
08:41 Watch Tower
08:43 Watch Tower
08:51 Orc Burrow
10:42 Watch Tower
10:45 Watch Tower
10:48 Watch Tower
10:50 Watch Tower
11:28 Fortress
12:57 War Mill
13:01 Orc Burrow
13:06 Beastiary
13:11 Spirit Lodge
13:54 Beastiary
14:28 Spirit Lodge
14:50 Orc Burrow
15:20 Beastiary
15:48 Orc Burrow
18:05 Orc Burrow
19:44 Orc Burrow
» items
| Healing Salve | 3 | |
| Scroll of Town Portal | 2 | |
| Orb of Lightning | 1 | |
6 total

»
Ice(man) (
purple | 45 APM | 896 actions | 19:56)
8 Mountain King
3 Storm Bolt
3 Bash
1 Avatar
1 Thunder Clap
» actions
| Assign group hotkey | 10 | |
| Build / train | 48 | |
| Enter build submenu | 16 | |
| Enter hero's abilities submenu | 8 | |
| Give item / drop item | 1 | |
| Remove unit from queue | 1 | |
| Right click | 537 | |
| Select / deselect | 212 | |
| Select group hotkey | 31 | |
| Use ability | 32 | |
896 total
» units
| Peasant | 9 | |
| Gryphon Rider | 8 | |
| Dragonhawk Rider | 1 | |
18 total
» upgrades
| Lumber Harvesting | 1 | |
| Gunpowder | 0 | |
| Swords | 3 | |
| Armor | 3 | |
| Storm Hammers | 1 | |
| Animal War Training | 1 | |
| Cloud | 1 | |
| Masonry | 2 | |
12 total
» buildings
| Altar of Kings | 1 | |
| Farm | 10 | |
| Barracks | 1 | |
| Lumber Mill | 1 | |
| Keep | 4 | |
| Blacksmith | 1 | |
| Scout Tower | 1 | |
| Castle | 1 | |
| Arcane Tower | 2 | |
| Arcane Vault | 1 | |
| Gryphon Aviary | 3 | |
26 total
» build order
00:08 Altar of Kings
00:11 Farm
00:20 Farm
00:40 Barracks
01:48 Lumber Mill
02:52 Keep
02:52 Keep
02:53 Keep
03:46 Farm
03:51 Farm
03:54 Farm
03:57 Farm
03:58 Farm
04:48 Blacksmith
05:05 Scout Tower
05:15 Castle
05:35 Arcane Tower
05:35 Arcane Tower
06:16 Arcane Vault
06:25 Gryphon Aviary
06:28 Gryphon Aviary
06:29 Gryphon Aviary
07:30 Farm
13:18 Farm
13:20 Farm
» items
OnlyEuropaKnows (
blue | 120 APM | 2392 actions | 19:57)
6 Archmage
3 Summon Water Elemental
2 Brilliance Aura
1 Mass Teleport
» actions
| Assign group hotkey | 72 | |
| Basic commands | 38 | |
| Build / train | 219 | |
| ESC pressed | 3 | |
| Enter build submenu | 89 | |
| Enter hero's abilities submenu | 6 | |
| Right click | 810 | |
| Select / deselect | 416 | |
| Select group hotkey | 524 | |
| Use ability | 215 | |
2392 total
» units
| Peasant | 23 | |
| Footman | 18 | |
| Goblin Shredder | 3 | |
| Dragonhawk Rider | 8 | |
52 total
» upgrades
| Masonry | 3 | |
| Swords | 3 | |
| Armor | 3 | |
| Lumber Harvesting | 2 | |
| Defend | 1 | |
| Animal War Training | 1 | |
| Cloud | 1 | |
| Storm Hammers | 1 | |
| Magic Sentry | 1 | |
| Gunpowder | 1 | |
| Plating | 1 | |
18 total
» buildings
| Altar of Kings | 1 | |
| Barracks | 1 | |
| Farm | 10 | |
| Town Hall | 2 | |
| Arcane Vault | 1 | |
| Scout Tower | 62 | |
| Lumber Mill | 1 | |
| Arcane Tower | 4 | |
| Blacksmith | 1 | |
| Guard Tower | 98 | |
| Keep | 4 | |
| Castle | 3 | |
| Gryphon Aviary | 4 | |
| Arcane Sanctum | 1 | |
193 total
» build order
00:07 Altar of Kings
00:09 Barracks
00:20 Farm
00:51 Farm
01:47 Farm
03:18 Town Hall
03:54 Farm
04:31 Arcane Vault
04:41 Scout Tower
04:48 Scout Tower
05:16 Lumber Mill
05:18 Arcane Tower
05:26 Arcane Tower
05:26 Arcane Tower
05:40 Blacksmith
05:53 Scout Tower
05:55 Scout Tower
06:00 Scout Tower
06:35 Guard Tower
06:35 Guard Tower
06:58 Keep
06:59 Keep
07:06 Farm
07:09 Farm
07:44 Farm
08:57 Scout Tower
08:59 Scout Tower
09:01 Scout Tower
09:03 Scout Tower
09:06 Farm
09:07 Scout Tower
09:09 Farm
09:20 Castle
09:20 Castle
09:24 Gryphon Aviary
09:26 Gryphon Aviary
09:35 Guard Tower
09:35 Guard Tower
09:37 Farm
09:54 Guard Tower
09:54 Guard Tower
09:55 Guard Tower
09:55 Guard Tower
09:55 Guard Tower
09:57 Guard Tower
09:58 Guard Tower
09:59 Guard Tower
10:00 Guard Tower
10:00 Guard Tower
10:56 Scout Tower
10:57 Scout Tower
10:59 Scout Tower
11:08 Scout Tower
11:10 Scout Tower
11:11 Scout Tower
12:09 Guard Tower
12:09 Guard Tower
12:11 Scout Tower
12:12 Scout Tower
12:12 Scout Tower
12:13 Scout Tower
12:15 Scout Tower
12:16 Scout Tower
12:21 Scout Tower
12:23 Scout Tower
12:45 Guard Tower
12:45 Guard Tower
12:45 Guard Tower
13:08 Guard Tower
13:13 Guard Tower
13:13 Guard Tower
13:13 Guard Tower
13:39 Arcane Sanctum
13:54 Scout Tower
13:54 Scout Tower
13:56 Scout Tower
13:57 Scout Tower
13:58 Scout Tower
14:42 Scout Tower
14:43 Scout Tower
14:44 Scout Tower
14:46 Scout Tower
14:49 Scout Tower
14:52 Scout Tower
14:55 Scout Tower
14:57 Scout Tower
14:58 Guard Tower
14:58 Guard Tower
14:58 Guard Tower
15:00 Guard Tower
15:01 Guard Tower
15:01 Guard Tower
15:01 Guard Tower
15:17 Guard Tower
15:17 Guard Tower
15:26 Scout Tower
15:27 Scout Tower
15:41 Guard Tower
15:42 Guard Tower
15:46 Scout Tower
15:49 Scout Tower
16:06 Scout Tower
16:08 Guard Tower
16:08 Guard Tower
16:08 Guard Tower
16:09 Guard Tower
16:09 Guard Tower
16:09 Guard Tower
16:13 Scout Tower
16:16 Scout Tower
16:28 Guard Tower
16:28 Guard Tower
16:29 Guard Tower
16:35 Guard Tower
16:35 Guard Tower
16:39 Gryphon Aviary
16:40 Gryphon Aviary
16:51 Guard Tower
16:52 Guard Tower
16:52 Scout Tower
16:54 Guard Tower
16:54 Guard Tower
16:55 Scout Tower
17:14 Guard Tower
17:14 Guard Tower
17:15 Scout Tower
17:21 Scout Tower
17:21 Guard Tower
17:22 Guard Tower
17:23 Scout Tower
17:38 Scout Tower
17:40 Scout Tower
17:41 Scout Tower
17:50 Guard Tower
17:50 Guard Tower
17:51 Guard Tower
18:18 Scout Tower
18:22 Scout Tower
18:24 Scout Tower
18:33 Guard Tower
18:33 Guard Tower
18:33 Guard Tower
18:42 Scout Tower
18:46 Town Hall
18:47 Scout Tower
18:49 Scout Tower
19:20 Guard Tower
19:21 Guard Tower
19:31 Guard Tower
19:31 Guard Tower
19:31 Guard Tower
19:33 Scout Tower
19:35 Scout Tower
19:44 Guard Tower
19:45 Guard Tower
19:45 Guard Tower
19:47 Scout Tower
19:48 Scout Tower
» items
| Scroll of Regeneration | 2 | |
| Ivory Tower | 3 | |
5 total
boubou (
teal | 40 APM | 797 actions | 19:56)
5 Archmage
2 Summon Water Elemental
3 Brilliance Aura
2 Paladin
1 Divine Shield
1 Devotion Aura
» actions
| Basic commands | 1 | |
| Build / train | 90 | |
| Enter build submenu | 37 | |
| Enter hero's abilities submenu | 7 | |
| Right click | 281 | |
| Select / deselect | 321 | |
| Use ability | 60 | |
797 total
» units
| Peasant | 14 | |
| Footman | 3 | |
| Goblin Shredder | 1 | |
| Rifleman | 7 | |
| Mortar Team | 1 | |
| Siege Engine | 6 | |
| Priest | 5 | |
| Dragonhawk Rider | 2 | |
| Gryphon Rider | 3 | |
| Knight | 4 | |
| Sorceress | 1 | |
47 total
» upgrades
| Masonry | 2 | |
| Gunpowder | 2 | |
| Armor | 2 | |
| Plating | 1 | |
| Lumber Harvesting | 1 | |
| Swords | 1 | |
| Barrage | 1 | |
| Priest Training | 2 | |
| Cloud | 1 | |
| Sorceress Training | 2 | |
| Storm Hammers | 1 | |
16 total
» buildings
| Altar of Kings | 1 | |
| Barracks | 2 | |
| Farm | 13 | |
| Scout Tower | 9 | |
| Arcane Tower | 4 | |
| Lumber Mill | 2 | |
| Blacksmith | 1 | |
| Town Hall | 1 | |
| Arcane Vault | 1 | |
| Keep | 1 | |
| Guard Tower | 3 | |
| Castle | 1 | |
| Workshop | 2 | |
| Arcane Sanctum | 1 | |
| Gryphon Aviary | 2 | |
44 total
» build order
00:17 Altar of Kings
00:20 Barracks
00:27 Farm
00:32 Farm
01:10 Farm
01:44 Farm
01:58 Scout Tower
03:40 Arcane Tower
04:05 Lumber Mill
04:30 Lumber Mill
04:35 Blacksmith
04:52 Town Hall
05:28 Arcane Vault
05:41 Scout Tower
06:00 Farm
07:01 Barracks
07:05 Arcane Tower
07:11 Scout Tower
07:25 Scout Tower
08:05 Keep
08:31 Farm
08:41 Scout Tower
09:09 Arcane Tower
09:14 Scout Tower
09:17 Farm
09:19 Guard Tower
09:22 Scout Tower
10:32 Castle
10:52 Workshop
11:06 Guard Tower
11:09 Scout Tower
11:12 Scout Tower
11:13 Arcane Tower
11:15 Guard Tower
11:24 Arcane Sanctum
11:29 Gryphon Aviary
11:49 Gryphon Aviary
12:22 Workshop
13:16 Farm
13:18 Farm
13:37 Farm
13:43 Farm
14:03 Farm
14:25 Farm
» items
| Scroll of Regeneration | 2 | |
| Lesser Clarity Potion | 2 | |
| Mechanical Critter | 2 | |
| Scroll of Town Portal | 1 | |
| Potion of Healing | 1 | |
| Potion of Mana | 1 | |
9 total
team 2 (loser)
xXNightElfXx (
red | 28 APM | 542 actions | 19:23)
3 Priestess of the Moon
2 Trueshot Aura
1 Searing Arrows
3 Keeper of the Grove
2 Entangling Roots
1 Thorns Aura
» actions
| Build / train | 55 | |
| Enter build submenu | 23 | |
| Enter hero's abilities submenu | 6 | |
| Right click | 183 | |
| Select / deselect | 242 | |
| Use ability | 33 | |
542 total
» units
| Wisp | 32 | |
| Chimaera | 6 | |
| Goblin Zeppelin | 1 | |
39 total
» upgrades
| Strength of the Wild | 3 | |
| Reinforced Hides | 2 | |
| Corrosive Breath | 1 | |
6 total
» buildings
| Moon Well | 9 | |
| Altar of Elders | 1 | |
| Tree of Ages | 1 | |
| Hunter's Hall | 1 | |
| Ancient of Wonders | 1 | |
| Tree of Eternity | 1 | |
| Tree of Life | 1 | |
| Ancient Protector | 3 | |
| Ancient of Wind | 1 | |
| Chimaera Roost | 4 | |
23 total
» build order
00:17 Moon Well
01:20 Moon Well
02:15 Altar of Elders
02:30 Tree of Ages
02:47 Hunter's Hall
03:46 Moon Well
04:46 Ancient of Wonders
04:56 Tree of Eternity
05:45 Tree of Life
05:48 Ancient Protector
05:57 Ancient of Wind
06:12 Moon Well
06:14 Moon Well
07:23 Chimaera Roost
07:26 Chimaera Roost
08:02 Moon Well
08:47 Chimaera Roost
08:51 Chimaera Roost
08:56 Ancient Protector
10:43 Ancient Protector
14:07 Moon Well
14:09 Moon Well
15:06 Moon Well

»
124589A (
pink | 93 APM | 1859 actions | 19:55)
3 Priestess of the Moon
2 Trueshot Aura
1 Searing Arrows
3 Keeper of the Grove
2 Entangling Roots
1 Thorns Aura
» actions
| Assign group hotkey | 24 | |
| Build / train | 173 | |
| Enter build submenu | 43 | |
| Enter hero's abilities submenu | 8 | |
| Remove unit from queue | 6 | |
| Right click | 709 | |
| Select / deselect | 276 | |
| Select group hotkey | 538 | |
| Use ability | 81 | |
1859 total
» units
| Wisp | 42 | |
| Archer | 30 | |
| Glaive Thrower | 19 | |
| Hippogryph | 9 | |
| Siege Engine | 1 | |
101 total
» upgrades
| Strength of the Moon | 3 | |
| Moon Armor | 4 | |
| Improved Bows | 1 | |
| Well Spring | 1 | |
| Vorpal Blades | 1 | |
| Upgrade Moon Glaive | 1 | |
| Marksmanship | 1 | |
| Barrage | 1 | |
13 total
» buildings
| Moon Well | 16 | |
| Ancient of War | 3 | |
| Altar of Elders | 1 | |
| Hunter's Hall | 1 | |
| Tree of Ages | 3 | |
| Tree of Life | 3 | |
| Ancient Protector | 12 | |
| Tree of Eternity | 4 | |
| Ancient of Wind | 4 | |
47 total
» build order
00:32 Moon Well
00:42 Ancient of War
01:16 Moon Well
01:36 Altar of Elders
02:23 Ancient of War
02:49 Hunter's Hall
03:05 Moon Well
05:05 Tree of Ages
05:05 Tree of Ages
05:58 Tree of Life
06:03 Ancient Protector
06:12 Tree of Life
07:26 Ancient Protector
07:28 Moon Well
07:31 Moon Well
07:34 Ancient Protector
07:57 Moon Well
07:58 Tree of Eternity
07:58 Tree of Eternity
08:47 Ancient Protector
09:05 Ancient Protector
11:22 Tree of Life
11:32 Moon Well
11:56 Ancient Protector
12:00 Ancient Protector
13:41 Ancient Protector
13:43 Ancient Protector
13:55 Ancient of War
15:19 Ancient of Wind
15:24 Ancient of Wind
15:59 Ancient Protector
16:02 Ancient Protector
16:16 Ancient Protector
18:47 Moon Well
18:49 Moon Well
18:51 Moon Well
18:53 Moon Well
19:05 Ancient of Wind
19:07 Ancient of Wind
19:47 Moon Well
19:50 Moon Well
19:53 Moon Well
19:53 Moon Well
Dante_3 (
yellow | 39 APM | 769 actions | 19:50)
3 Blademaster
2 Wind Walk
1 Critical Strike
1 Tauren Chieftain
1 Endurance Aura
» actions
| Assign group hotkey | 20 | |
| Build / train | 39 | |
| Enter build submenu | 11 | |
| Enter hero's abilities submenu | 4 | |
| Right click | 465 | |
| Select / deselect | 169 | |
| Select group hotkey | 20 | |
| Use ability | 41 | |
769 total
» units
» upgrades
» buildings
| Altar of Storms | 1 | |
| Orc Burrow | 5 | |
| Barracks | 1 | |
| War Mill | 1 | |
| Stronghold | 1 | |
| Voodoo Lounge | 1 | |
| Beastiary | 2 | |
| Fortress | 1 | |
| Great Hall | 1 | |
14 total
» build order
00:09 Altar of Storms
00:20 Orc Burrow
00:39 Barracks
01:28 War Mill
01:51 Orc Burrow
03:40 Stronghold
04:33 Voodoo Lounge
06:05 Beastiary
06:09 Fortress
06:23 Beastiary
08:34 Orc Burrow
08:37 Orc Burrow
14:17 Orc Burrow
14:23 Great Hall
» items
| Healing Salve | 1 | |
| Lesser Clarity Potion | 2 | |
| Orb of Lightning | 1 | |
4 total
Lachdanan (
green | 39 APM | 698 actions | 18:04)
5 Archmage
2 Summon Water Elemental
3 Brilliance Aura
» actions
| Assign group hotkey | 10 | |
| Build / train | 57 | |
| Enter build submenu | 20 | |
| Enter hero's abilities submenu | 5 | |
| Right click | 245 | |
| Select / deselect | 265 | |
| Select group hotkey | 54 | |
| Use ability | 42 | |
698 total
» units
| Peasant | 8 | |
| Footman | 6 | |
| Rifleman | 11 | |
| Mortar Team | 4 | |
29 total
» upgrades
| Gunpowder | 3 | |
| Armor | 3 | |
| Lumber Harvesting | 1 | |
| Long Rifles | 1 | |
| Fragmentation Shards | 1 | |
| Flare | 1 | |
| Masonry | 1 | |
11 total
» buildings
| Farm | 10 | |
| Altar of Kings | 1 | |
| Barracks | 1 | |
| Arcane Vault | 1 | |
| Scout Tower | 3 | |
| Blacksmith | 1 | |
| Lumber Mill | 1 | |
| Keep | 1 | |
| Guard Tower | 3 | |
| Castle | 1 | |
| Workshop | 2 | |
| Town Hall | 1 | |
26 total
» build order
00:03 Farm
00:05 Altar of Kings
00:07 Barracks
01:19 Farm
02:10 Arcane Vault
02:49 Farm
02:50 Farm
03:30 Scout Tower
03:45 Blacksmith
04:08 Lumber Mill
04:55 Keep
05:43 Guard Tower
06:37 Scout Tower
07:07 Guard Tower
07:13 Scout Tower
07:55 Guard Tower
08:00 Farm
09:08 Farm
10:59 Castle
11:01 Workshop
11:02 Workshop
13:21 Town Hall
14:48 Farm
14:48 Farm
14:49 Farm
15:36 Farm
» items
| Scroll of Regeneration | 2 | |
| Scroll of Town Portal | 3 | |
5 total
Chat log
(00:54 / Allies) boubou: hi
(00:59 / Allies) Ice(man): hi
(01:00 / Allies) cruedo: yo
(01:02 / Allies) OnlyEuropaKnows: sup
(03:04 / Allies) OnlyEuropaKnows: move
(03:10 / Allies) OnlyEuropaKnows: go
(03:11 / Allies) OnlyEuropaKnows: out
(03:22 / Allies) Ice(man): sruy )))
(03:26 / Allies) OnlyEuropaKnows: autofollowing faggot
(08:08 / All) OnlyEuropaKnows: lvl 1 straight tech lol
(08:36 / Allies) cruedo: gj
(08:54 / Allies) OnlyEuropaKnows: ty
(10:33 / Allies) Ice(man): b
(10:57 / Allies) boubou: tanks knight
(12:06 / All) OnlyEuropaKnows: lvl 4 and you get dual lvl 2 tyvm
(12:24 / All) xXNightElfXx: thk idiott
(12:40 / All) OnlyEuropaKnows: i was freeing food and working on my lvl 6
(12:53 / Allies) boubou: blue u big noob
(12:59 / All) xXNightElfXx: ahaha good ;)
(13:00 / Allies) OnlyEuropaKnows: lol
(13:11 / Allies) OnlyEuropaKnows: I have done more than you all game
(13:18 / Allies) OnlyEuropaKnows: you have 5 riflemen grats!
(14:16 / Allies) boubou: purple come
(15:20 / Allies) boubou: pfff long game
(15:36 / Allies) boubou: stop looser
(15:36 / Allies) OnlyEuropaKnows: See? I have a pro strat teal
(15:39 / Allies) OnlyEuropaKnows: hoard gold and block chokes
(15:58 / Allies) boubou: stop
(16:01 / Allies) OnlyEuropaKnows: why?
(16:20 / Allies) OnlyEuropaKnows: It gives us tons of map control
(16:23 / Allies) OnlyEuropaKnows: absolutely no reason to stop
(17:18 / Allies) OnlyEuropaKnows: nice idle units super pro
(18:49 / Allies) boubou: blue u mongolic of the year
(18:55 / Allies) OnlyEuropaKnows: *murloc
(19:02 / Allies) boubou: boulet va